 Dungeon Crawl Stone Soup version 0.29-a0-409-gd843f3a48c (webtiles) character file.

Game seed: 6746900262744462799

56864 lunkers the Earth Mage (level 15, -4/129 HPs)
             Began as a Formicid Earth Elementalist on Apr 28, 2022.
             Was the Champion of Ashenzari.
             Slain by Aizul (7 damage)
             ... on level 1 of the Snake Pit on May 13, 2022.
             The game lasted 00:54:36 (27231 turns).

lunkers the Earth Mage (FoEE)                      Turns: 27231, Time: 00:54:37

Health: -4/129     AC: 17    Str: 13    XL:     15   Next: 23%
Magic:  0/36       EV: 12    Int: 22    God:    Ashenzari [******]
Gold:   1555       SH: 10    Dex: 11    Spells: 31/49 levels left

rFire   . . .      SeeInvis +   a - +5 morningstar of the Shackled Seeker {vorpal, rN+ Will+, Alch, Comp} (curse)
rCold   + . .      Faith    .   G - +0 buckler of Ashenzari's Moon {Alch, Fort} (curse)
rNeg    + . .      Spirit   .   i - +4 troll leather armour "Tethered Ordeal" {Regen+, Snorg, Fort, Elem} (curse)
rPois   .          Reflect  +   (helmet unavailable)
rElec   .          Harm     .   B - +2 cloak of the Chained Irritation {Stlth+, Self, Evo} (curse)
rCorr   .          Rampage  .   J - +0 pair of gloves "I Foresaw This" {Alch, Range} (curse)
Will    ++...      Clarity  +   K - +0 pair of boots "Ennui of Ashenzari" {Cun, Fort} (curse)
Stlth   +++.......              m - amulet "Gnostic Shame" {Reflect SH+5, Self, Alch} (curse)
HPRegen 1.11/turn               t - ring of the Unyielding Gaze {rC+, Elem, Bglg} (curse)
MPRegen 0.25/turn               u - ring of the Astral Mistrust {AC+4, Elem, Fort} (curse)

@: lethally poisoned (-4 -> -6), studying Bows
A: permanent stasis, dig shafts and tunnels, antennae 3, four strong arms
a: Dig, Shaft Self, Renounce Religion, Shatter the Chains


You were on level 1 of the Snake Pit.
You worshipped Ashenzari.
Ashenzari was exalted by your worship.
You visited 5 branches of the dungeon, and saw 22 of its levels.

You collected 1555 gold pieces.

Inventory:

Hand Weapons
 a - the cursed +5 morningstar of the Shackled Seeker (weapon) {vorpal, rN+ Will+, Alch, Comp}
   (You found it on level 1 of the Lair of Beasts)

   It inflicts extra damage upon your enemies.
   rN:        It protects you from negative energy.
   Will:      It increases your willpower.
   It has a curse which improves the following skills: Alchemy: Poison Magic and
   Transmutations.
   Companions: Summonings and Necromancy.
 P - a +2 demon whip of venom
Missiles
 o - 386 stones
Armour
 e - the +1 leather armour of the Watchman {rF+ rC+ Int+3 Slay+3}
   (You found it on level 5 of the Dungeon)

   Int:       It affects your intelligence (+3).
   Slay:      It affects your accuracy & damage with ranged weapons and melee
   (+3).
   rF:        It protects you from fire.
   rC:        It protects you from cold.
 i - the cursed +4 troll leather armour "Tethered Ordeal" (worn) {Regen+, Snorg, Fort, Elem}
   (You found it on level 4 of the Lair of Beasts)

   Regen:     It increases your rate of health regeneration.
   It has a curse which improves the following skills: Fortitude: Armour and
   Shields.
   Elements:  Fire Magic, Ice Magic, Air Magic and Earth Magic.
 B - the cursed +2 cloak of the Chained Irritation (worn) {Stlth+, Self, Evo}
   (You took it off Crazy Yiuf on level 4 of the Dungeon)

   It has a curse which improves the following skills: Introspection: Fighting
   and Spellcasting.
   Evocations: Evocations.
 G - the cursed +0 buckler of Ashenzari's Moon (worn) {Alch, Fort}
   (You found it on level 4 of the Dungeon)

   It has a curse which improves the following skills: Alchemy: Poison Magic and
   Transmutations.
   Fortitude: Armour and Shields.
 J - the cursed +0 pair of gloves "I Foresaw This" (worn) {Alch, Range}
   (You found it on level 7 of the Dungeon)

   It has a curse which improves the following skills: Alchemy: Poison Magic and
   Transmutations.
   Ranged Combat: Slings, Bows, Crossbows and Throwing.
 K - the cursed +0 pair of boots "Ennui of Ashenzari" (worn) {Cun, Fort}
   (You found it on level 7 of the Dungeon)

   It has a curse which improves the following skills: Cunning: Dodging and
   Stealth.
   Fortitude: Armour and Shields.
 M - the +1 leather armour "Muburyast" {rF+ Slay+5}
   (You found it on level 7 of the Dungeon)

   Slay:      It affects your accuracy & damage with ranged weapons and melee
   (+5).
   rF:        It protects you from fire.
Jewellery
 m - the cursed amulet "Gnostic Shame" (around neck) {Reflect SH+5, Self, Alch}
   (You found it on level 5 of the Dungeon)

   [amulet of reflection]

   It reflects blocked missile attacks.
   SH:        It affects your SH (+5).
   It has a curse which improves the following skills: Introspection: Fighting
   and Spellcasting.
   Alchemy:   Poison Magic and Transmutations.
 p - a ring of resist corrosion
 t - the cursed ring of the Unyielding Gaze (left hand) {rC+, Elem, Bglg}
   (You found it on level 1 of the Lair of Beasts)

   [ring of protection from cold]

   rC:        It protects you from cold.
   It has a curse which improves the following skills: Elements: Fire Magic, Ice
   Magic, Air Magic and Earth Magic.
   Beguiling: Conjurations, Hexes and Translocations.
 u - the cursed ring of the Astral Mistrust (right hand) {AC+4, Elem, Fort}
   (You found it on level 5 of the Dungeon)

   [ring of protection]

   AC:        It affects your AC (+4).
   It has a curse which improves the following skills: Elements: Fire Magic, Ice
   Magic, Air Magic and Earth Magic.
   Fortitude: Armour and Shields.
 C - an amulet of guardian spirit
 H - a ring of fire
 I - a ring of protection from cold
 L - a ring of fire
 O - a ring of wizardry
Wands
 x - a wand of iceblast (7)
 A - a wand of digging (3)
 D - a wand of polymorph (9)
 N - a wand of flame (6)
 V - a wand of paralysis (5)
Scrolls
 b - a scroll of silence
 h - 7 scrolls of magic mapping
 l - a scroll of summoning
 n - 4 scrolls of amnesia
 q - 2 scrolls of fear
 w - 2 scrolls of enchant weapon
 Q - a scroll of holy word
 T - 2 scrolls of fog
Potions
 c - a potion of magic
 d - 6 potions of brilliance
 f - 2 potions of resistance
 g - 6 potions of invisibility
 j - 6 potions of mutation
 k - a potion of cancellation
 s - 6 potions of heal wounds
 v - 2 potions of attraction
 z - 5 potions of curing
 E - 6 potions of flight
 F - a potion of ambrosia
 R - 2 potions of might
Miscellaneous
 U - a phial of floods (inert)


   Skills:
 + Level 11.4(15.3) Fighting
 - Level 1.7(3.6) Dodging
 - Level 2.4(4.5) Stealth
 - Level 2.0(6.2) Shields
 + Level 13.8(17.7) Spellcasting
 * Level 11.4(14.0) Conjurations
 - Level 1.1(4.4) Transmutations
 - Level 17.7(22.6) Earth Magic


You had 31 spell levels left.
You knew the following spells:

 Your Spells              Type           Power      Damage    Failure   Level
a - Stone Arrow           Conj/Erth      100%       3d13      0%          3
b - Passwall              Tmut/Erth      56%        N/A       1%          2
c - Sandblast             Erth           100%       2d20      0%          1
d - Orb of Destruction    Conj           34%        9d10      11%         7
e - Borgnjor's Vile Clut  Necr/Erth      31%        N/A       1%          5

Your spell library contained the following spells:

 Spells                   Type           Power      Damage    Failure   Level
 Magic Dart               Conj           100%       1d8       0%          1
 Mephitic Cloud           Conj/Pois/Air  42%        N/A       1%          3
 Petrify                  Tmut/Erth      68%        N/A       1%          4
 Corpse Rot               Necr/Air       42%        N/A       4%          2
 Ensorcelled Hibernation  Hex/Ice        42%        N/A       4%          2
 Call Imp                 Summ           20%        N/A       5%          2
 Inner Flame              Hex/Fire       21%        N/A       10%         3
 Summon Guardian Golem    Hex/Summ       20%        N/A       11%         3
 Conjure Ball Lightning   Conj/Air       25%        3x3d7     30%         6
 Animate Dead             Necr           10%        N/A       34%         4
 Cause Fear               Hex            10%        N/A       34%         4
 Dispel Undead            Necr           20%        3d11      34%         4
 Silence                  Hex/Air        10%        N/A       67%         5
 Spellforged Servitor     Conj/Summ      25%        N/A       88%         7
 Death Channel            Necr           10%        N/A       99%         6
 Dragon Form              Tmut           19%        N/A       99%         7
 Discord                  Hex            10%        N/A       100%        8
 Dragon's Call            Summ           10%        N/A       100%        9
 Swiftness                Air            Unusable   N/A       N/A         3

Dungeon Overview and Level Annotations

Branches:
Dungeon (12/15)            Temple (1/1) D:4            Lair (6/6) D:8
  Swamp (0/4) Lair:2        Snake (1/4) Lair:4        Slime (0/5) Lair:6
    Orc (2/2) D:9             Elf (0/3) Orc:2

Altars:
Ashenzari
Cheibriados
Dithmenos
Elyvilon
Fedhas
Gozag
Hepliaklqana
Kikubaaqudgha
Makhleb
Nemelex Xobeh
Okawaru
Qazlal
Ru
Sif Muna
Trog
Uskayaw
Vehumet
Wu Jian
Xom
Yredelemnul
Zin
The Shining One
Beogh

Shops:
D:1 !   D:9 *   D:10 ?[   D:11 *   Orc:1 [*(((   Orc:2 (:[=

Annotations:
D:4 3 runed translucent doors, timneilson's ghost, amateur GrFi
D:6 2 transporters
Lair:3 exclusion: oklob plant
Snake:1 Aizul


Innate Abilities, Weirdness & Mutations

You cannot be hasted, slowed, berserked, paralysed or teleported.
You can dig through walls and to a lower floor.
You have a pair of large antennae on your head. (SInv)
Your four strong arms can wield two-handed weapons with a shield.


Message History

The bolt of poison hits you!!
You are more poisoned.
* * * LOW HITPOINT WARNING * * *
The naga mage points at something and mumbles some strange words.
You feel better.
The zombie hands constrict Aizul.
The zombie hands constrict the naga mage!
You kill the naga mage!
Aizul hisses menacingly.
Aizul escapes!
Aizul coils herself and waves her upper body at you.
The poison arrow hits you!!
You are poisoned.
* * * LOW HITPOINT WARNING * * *
A naga comes into view. It is wielding a +0 morningstar.
Casting: Borgnjor's Vile Clutch (mildly dangerous; 1% risk of failure)
Confirm with . or Enter, or press ? or * to list all spells.
Okay, then.
Casting: Borgnjor's Vile Clutch (mildly dangerous; 1% risk of failure)
Confirm with . or Enter, or press ? or * to list all spells.
Aiming: Orb of Destruction (dangerous; 11% risk of failure)
Press: ? - help, Shift-Dir - straight line, f/p - Aizul
Aim: Aizul (severely wounded)
The wavering orb of destruction weakly hits Aizul!
Aizul is severely wounded.
* * * LOW MAGIC WARNING * * *
* * * LOW HITPOINT WARNING * * *
You feel very sick. You block Aizul's attack.
Casting: Orb of Destruction (dangerous; 11% risk of failure)
Confirm with . or Enter, or press ? or * to list all spells.
Aiming: Orb of Destruction (dangerous; 11% risk of failure)
Press: ? - help, Shift-Dir - straight line, f/p - Aizul
Aim: Aizul (severely wounded)
The wavering orb of destruction weakly hits Aizul!!
Aizul is almost dead.
* * * LOW MAGIC WARNING * * *
* * * LOW HITPOINT WARNING * * *
You feel very sick. Aizul hits you!
You die...

* ,, ,* ,
##......#,* ,,, ,,
##....... ,,,,, *
###.......#,**,, ,
*, ###.....)...#.#,
, , , *
...........##.#, ,
, **
#....#...#..#,.,,,,
* ###.......#....,,
###.(@S..)..N.{, ,
, ##.#.......#### *
* #.........## ,
***##........### ,,
, ,,#.........###
*,,,,
#..##.......### ,,
*#.............####
,
*.................#
*, ,
.............##...,
,,


You could see Aizul and a naga (curare).

Vanquished Creatures
  An orc warlord (D:9)
  Nessos (Lair:5)
  Snorg (Lair:4)
  A fire dragon (Lair:6)
  A boulder beetle (Lair:3)
  5 hydras
  2 two-headed ogres (D:10)
  5 orc high priests (Orc:2)
  Amaemon (D:8)
  A swamp dragon (Lair:6)
  7 orc knights
  A lindwurm (Lair:5)
  2 manticores
  13 elephants
  An oklob plant (Lair:5)
  2 naga magi (Snake:1)
  9 black mambas
  9 cane toads
  A gargoyle (D:11)
  An orange demon (D:8)
  2 unseen horrors
  Psyche (D:8)
  6 rime drakes
  7 komodo dragons
  3 trolls
  2 polar bears
  11 blink frogs
  Sigmund (D:4)
  4 wyverns
  2 wraiths
  Eustachio (D:6)
  47 yaks
  5 basilisks
  8 vampire mosquitoes
  Menkaure (D:4)
  4 nagas
  3 acid dragons (Lair:6)
  Edmund (D:6)
  4 wargs
  17 water moccasins
  Duvessa (D:6)
  3 ice beasts
  4 sky beasts
  3 swamp drakes (Lair:6)
  34 orc warriors
  2 black bears
  4 ogres
  3 centaurs
  A phantom (D:5)
  2 kobold brigands
  17 bullfrogs
  5 scorpions
  A gnoll sergeant (D:11)
  A necrophage (D:6)
  11 wights
  6 killer bees (D:8)
  Dowan (D:6)
  5 howler monkeys
  2 jellies (D:7)
  39 orc priests
  Crazy Yiuf (D:4)
  2 hounds (D:6)
  10 iguanas
  Natasha (thrice) (D:3)
  12 orc wizards
  12 gnolls
  6 adders
  A white imp (D:6)
  A dart slug (D:1)
  72 orcs
  7 endoplasms
  A giant cockroach (D:3)
  6 goblins
  5 hobgoblins
  7 jackals
  A quokka (D:2)
  9 ball pythons
  7 bats
  2 frilled lizards
  10 kobolds
  A rat (D:2)
516 creatures vanquished.

Vanquished Creatures (others)
  18 fungi
  46 plants
64 creatures vanquished.

Grand Total: 580 creatures vanquished

Notes
Turn   | Place    | Note
-------+----------+-------------------------------------------
     0 | D:1      | lunkers the Formicid Earth Elementalist began the quest for
                  | the Orb.
     0 | D:1      | Reached XP level 1. HP: 13/13 MP: 3/3
   387 | D:1      | Reached skill level 4 in Earth Magic
   441 | D:1      | Reached XP level 2. HP: 19/19 MP: 3/5
   538 | D:1      | Noticed a great orb of eyes
   539 | D:1      | Found a faded altar of an unknown god.
   543 | D:1      | Noticed a golden eye
   543 | D:1      | Noticed a floating eye
   543 | D:1      | Noticed a great orb of eyes
   913 | D:1      | Found Raare's Distillery.
  1303 | D:2      | Reached XP level 3. HP: 24/24 MP: 3/6
  1530 | D:2      | Reached skill level 5 in Earth Magic
  1531 | D:2      | Reached XP level 4. HP: 30/30 MP: 2/8
  1622 | D:2      | Found a blossoming altar of Fedhas.
  2422 | D:3      | Noticed Natasha
  2423 | D:3      | Killed Natasha
  2424 | D:3      | Reached XP level 5. HP: 35/35 MP: 7/10
  2475 | D:3      | Noticed Natasha
  2476 | D:3      | You fall into a shaft and drop 2 floors!
  2476 | D:5      | Entered Level 5 of the Dungeon
  2529 | D:4      | Reached skill level 6 in Earth Magic
  2616 | D:4      | Noticed Sigmund
  2640 | D:4      | Noticed a black bear
  2651 | D:4      | Killed a black bear
  2652 | D:4      | Reached skill level 7 in Earth Magic
  2652 | D:4      | Reached XP level 6. HP: 41/41 MP: 9/12
  2663 | D:4      | Found a runed translucent gate.
  2663 | D:4      | Found a runed translucent gate.
  2663 | D:4      | Found a runed translucent gate.
  2670 | D:3      | Reached XP level 7. HP: 16/46 MP: 1/13
  3046 | D:3      | Found a hazy altar of Hepliaklqana.
  3064 | D:3      | Killed Natasha
  3084 | D:3      | Noticed Natasha
  3088 | D:3      | Killed Natasha
  3515 | D:4      | Found a staircase to the Ecumenical Temple.
  3538 | Temple   | Entered the Ecumenical Temple
  3682 | Temple   | Became a worshipper of Ashenzari the Shackled
  3935 | D:3      | Learned a level 2 spell: Passwall
  3939 | D:3      | Learned a level 3 spell: Stone Arrow
  3999 | D:4      | Reached skill level 8 in Earth Magic
  4167 | D:4      | Noticed timneilson's ghost (amateur GrFi)
  4168 | D:4      | Identified the +7 chain mail of the Heavens {rPois Str+3}
  4168 | D:4      | Identified the +6 short sword "Vium" {venom, SInv}
  4168 | D:4      | Identified the +2 leather armour of the Maze {+Inv rF-
                  | rCorr Stlth+}
  4379 | D:4      | Killed Sigmund
  4380 | D:4      | Reached skill level 5 in Spellcasting
  4483 | D:4      | Found a shadowy altar of Dithmenos.
  4512 | D:4      | Noticed Menkaure
  4516 | D:4      | Killed Menkaure
  4517 | D:4      | Reached skill level 9 in Earth Magic
  4517 | D:4      | Reached XP level 8. HP: 52/52 MP: 8/16
  4613 | D:4      | Found a runed translucent door.
  4614 | D:4      | Noticed Crazy Yiuf
  5055 | D:4      | Killed Crazy Yiuf
  5459 | D:5      | Identified the +1 leather armour of the Watchman {rF+ rC+
                  | Int+3 Slay+3}
  5516 | D:5      | Reached skill level 10 in Earth Magic
  5949 | D:5      | Reached * piety under Ashenzari
  6252 | D:5      | Found a shimmering blue altar of Sif Muna.
  6254 | D:5      | Found a shimmering altar of Xom.
  6254 | D:5      | Found a shimmering altar of Xom.
  6256 | D:5      | Found a burning altar of Makhleb.
  6256 | D:5      | Found a stormy altar of Qazlal.
  6256 | D:5      | Found a hazy altar of Hepliaklqana.
  6490 | D:6      | Reached XP level 9. HP: 57/57 MP: 8/18
  6653 | D:6      | Reached skill level 11 in Earth Magic
  6738 | D:6      | Noticed Dowan
  6739 | D:6      | Noticed Duvessa
  6749 | D:6      | Killed Duvessa
  6758 | D:6      | Killed Dowan
  6919 | D:6      | Found a burning altar of Makhleb.
  6929 | D:6      | Reached skill level 12 in Earth Magic
  6977 | D:6      | Noticed Eustachio
  6982 | D:6      | Killed Eustachio
  7141 | D:6      | Found a transporter.
  7160 | D:6      | Noticed Edmund
  7215 | D:6      | Noticed a kobold demonologist
  7239 | D:6      | Reached ** piety under Ashenzari
  7323 | D:6      | Killed Edmund
  7401 | D:6      | Found a transporter.
  7853 | D:6      | Found a shimmering blue altar of Sif Muna.
  8268 | D:7      | Reached skill level 13 in Earth Magic
  8270 | D:7      | Reached XP level 10. HP: 63/63 MP: 6/21
  8707 | D:7      | Identified the +1 leather armour "Muburyast" {rF+ Slay+5}
  8884 | D:7      | Reached *** piety under Ashenzari
  9209 | D:8      | Found a staircase to the Lair.
  9212 | D:8      | Reached skill level 14 in Earth Magic
  9535 | D:8      | Noticed Psyche
  9592 | D:8      | Killed Psyche
  9835 | D:8      | Noticed an orange demon
  9835 | D:8      | Noticed Amaemon
  9840 | D:8      | Killed an orange demon
  9843 | D:8      | Killed Amaemon
  9844 | D:8      | Reached skill level 15 in Earth Magic
 10108 | D:8      | Reached XP level 11. HP: 69/69 MP: 15/26
 10165 | D:8      | Reached skill level 1 in Fighting
 10463 | D:9      | Found a staircase to the Orcish Mines.
 10544 | D:9      | Found Zecogg's Overcharged Wands.
 10732 | D:9      | Reached skill level 16 in Earth Magic
 11164 | D:9      | Noticed a six-headed hydra
 11169 | D:9      | Killed a six-headed hydra
 11170 | D:9      | Reached skill level 10 in Spellcasting
 11298 | D:9      | Found an ornate altar of the Wu Jian Council.
 11479 | D:9      | Identified the +7 short sword "Biqiug" {vorpal, Str+3}
 11518 | Lair:1   | Entered Level 1 of the Lair of Beasts
 12054 | Lair:1   | Identified the +5 morningstar "Earthworm" {vorpal, rN+
                  | Will+}
 12606 | Lair:2   | Found a staircase to the Swamp.
 12902 | Lair:2   | Reached **** piety under Ashenzari
 13224 | Lair:2   | Noticed a six-headed hydra
 13231 | Lair:2   | Killed a six-headed hydra
 13232 | Lair:2   | Reached skill level 5 in Fighting
 13232 | Lair:2   | Reached skill level 17 in Earth Magic
 13232 | Lair:2   | Reached XP level 12. HP: 64/89 MP: 15/28
 13522 | Lair:2   | Identified the +1 robe "Pufutua" {Str+4}
 13870 | Lair:2   | Upgraded the game from 0.29-a0-360-g8ed1089bbe to
                  | 0.29-a0-380-gf50f0a9fbc
 14075 | Lair:2   | Noticed an eight-headed hydra
 14087 | Lair:2   | Killed an eight-headed hydra
 14715 | Lair:3   | Reached skill level 1 in Conjurations
 14796 | Lair:3   | Reached ***** piety under Ashenzari
 15148 | Lair:3   | Noticed a boulder beetle
 15156 | Lair:3   | Killed a boulder beetle
 16221 | Lair:4   | Noticed Snorg
 16231 | Lair:4   | Killed Snorg
 16232 | Lair:4   | Reached XP level 13. HP: 92/102 MP: 9/30
 16514 | Lair:4   | Reached skill level 5 in Conjurations
 16809 | Lair:4   | Found a staircase to the Snake Pit.
 17126 | Lair:4   | Noticed a seven-headed hydra
 17133 | Lair:4   | Killed a seven-headed hydra
 17591 | Lair:5   | Learned a level 7 spell: Orb of Destruction
 17787 | Lair:5   | Learned a level 5 spell: Borgnjor's Vile Clutch
 18108 | Lair:5   | Noticed Nessos
 18113 | Lair:5   | Killed Nessos
 18749 | Lair:6   | Entered Level 6 of the Lair of Beasts
 18818 | Lair:6   | Found a staircase to the Slime Pits.
 18843 | Lair:6   | Noticed a five-headed hydra
 19829 | Lair:6   | Reached XP level 14. HP: 104/116 MP: 16/34
 20613 | Lair:6   | Found a shimmering altar of Xom.
 21032 | Lair:6   | Reached skill level 10 in Fighting
 21437 | Orc:1    | Entered Level 1 of the Orcish Mines
 21446 | Orc:1    | Found Gefumik's Antique Weapon Boutique.
 21578 | Orc:1    | Noticed an orc warlord
 21785 | D:9      | Killed an orc warlord
 22194 | Orc:1    | Found Domut's Assorted Antiques.
 22196 | Orc:1    | Found Yteg's Armour Emporium.
 22312 | Orc:1    | Upgraded the game from 0.29-a0-380-gf50f0a9fbc to
                  | 0.29-a0-393-g47a863cc1b
 22446 | Orc:1    | Found Qahischa's Weapon Shoppe.
 22465 | Orc:1    | Found Jybuinkenu's Weapon Shoppe.
 22467 | Orc:1    | Reached ****** piety under Ashenzari
 22670 | Orc:2    | Entered Level 2 of the Orcish Mines
 22890 | Orc:2    | Found a staircase to the Elven Halls.
 22960 | Orc:2    | Reached skill level 10 in Conjurations
 25048 | Orc:2    | Found Unimoc's Weapon Shoppe.
 25048 | Orc:2    | Found Korih's Jewellery Shoppe.
 25049 | Orc:2    | Found Zamaep's Book Emporium.
 25049 | Orc:2    | Found Wigem's Armour Shoppe.
 25180 | D:10     | Entered Level 10 of the Dungeon
 25213 | D:10     | Reached XP level 15. HP: 123/127 MP: 24/36
 25639 | D:10     | Identified the +6 chain mail "Hiadal" {Rampage *Corrode
                  | Int-2 Slay+4}
 25689 | D:10     | Found Irunatux's Magic Scroll Emporium.
 26026 | D:10     | Found Ceankama's Armour Shop.
 26157 | D:10     | Reached skill level 1 in Shields
 26157 | D:10     | Upgraded the game from 0.29-a0-393-g47a863cc1b to
                  | 0.29-a0-409-gd843f3a48c
 26365 | D:11     | Identified Bufuoj's Almanac of the Mountains and
                  | Weightlessness
 26603 | D:11     | Found Miufuv Cipny's General Store.
 26842 | D:12     | Found an opulent altar of Gozag.
 26850 | D:12     | Identified the +2 chain mail of Kikubaaqudgha's Envy {rPois
                  | Dex+4}
 27027 | Snake:1  | Entered Level 1 of the Snake Pit
 27034 | Snake:1  | Noticed Aizul
 27230 | Snake:1  | HP: 5/129 [poisoned by Aizul (poison arrow)]
 27231 | Snake:1  | Slain by Aizul

Illustrated notes

Levels and vault maps discovered:
D:1:      psy_arrival_basics, layout_loops_corners, serial_shops,
          nicolae_shop_crystal, hellmonk_ecumenical_altar_watching_god,
          roderic_serpentine_path, chequers_serial_rivers_large_b
D:2:      layout_loops_ring, basic_altar
D:3:      layout_basic, worldfamousw_hep_ancestral_shrine,
          kennysheep_generic_room_2, uniq_natasha
D:4:      layout_basic, mainiacjoe_overflow_paths, minmay_temple_entry_wispy,
          biasface_ghost_orc_armoury, serial_bayou_ford_a, uniq_menkaure,
          uniq_sigmund, uniq_crazy_yiuf_cottage
D:5:      layout_cave_pods, doesnt_xom_only_xom, minmay_manual_monstrance
D:6:      gammafunk_wand_slinger, layout_loops_ring,
          nicolae_sif_muna_condensation, mainiacjoe_overflow_chevrons,
          uniq_eustachio, uniq_edmund, uniq_duvessa
D:7:      layout_basic
D:8:      layout_gridville, erik_lair_orcish_takeover, uniq_psyche, uniq_amaemon
D:9:      layout_basic, nicolae_wu_jian_glorious_leap, orc_0_dummy,
          nicolae_shop_overcharged_wands
D:10:     layout_cave_pods, serial_shops, shop, small_statue_alley_a,
          hangedman_abyss_or_decor_stagger, st_stairs_6, kennysheep_diamond,
          chequers_serial_rivers_micro_d, serial_bayou_lagoon_a,
          minmay_hedge_maze
D:11:     layout_roguey, serial_shops, nicolae_shop_hallway_stairs
D:12:     layout_rooms, hangedman_feature_mirror, uniq_sonja
Temple:   nicolae_temple_elliptical
Lair:1:   layout_loops_ring
Lair:2:   layout_cave_pods, minmay_swamp_entry_swarm
Lair:3:   beast_lair_carwin_large_1, layout_hall_layers
Lair:4:   layout_regular_city, minmay_snake_entry_guardpost_small,
          infiniplex_staircase_pool_2, lemuel_fruit_fields, grunt_megastairs_2,
          uniq_snorg
Lair:5:   layout_regular_city, uniq_nessos
Lair:6:   guppyfry_lair_end_dragon, layout_cellular_growth, slime_dummy,
          basic_altar, nicolae_quartered_pool_impasse
Snake:1:  layout_chambers, minmay_shop_grove, grunt_megastairs_4, uniq_aizul
Orc:1:    layout_caves, serial_shops, shop, nicolae_shop_advertising_works
          [nicolae_subvault_shop_adworks], nicolae_shop_hallway_plus, shop,
          nicolae_shop_bloodbath_and_beyond, basic_altar
Orc:2:    st_orc_pillars, layout_diamond_mine

Skill      XL: |  1  2  3  4  5  6  7  8  9 10 11 12 13 14 15 |
---------------+----------------------------------------------+-----
Earth Magic    | 4 5 7 9 10 13 15 17 | 17.7
Spellcasting   | 3 4 5 6 7 9 10 11 12 13 | 13.8
Fighting       | 5 7 9 11 | 11.4
Conjurations   | 4 8 10 11 | 11.4
Shields        | 2 |  2.0
Dodging        | |  1.7
Stealth        | |  2.4
Transmutations | |  1.1

Action                   |  1- 3 |  4- 6 |  7- 9 | 10-12 | 13-15 || total
-------------------------+-------+-------+-------+-------+-------++-------
Melee: Unarmed           |     1 |       |       |       |       ||     1
       Spear             |       |     2 |    26 |       |       ||    28
       Punch             |       |       |     1 |       |       ||     1
       Halberd           |       |       |    24 |    19 |   127 ||   170
       Morningstar       |       |       |       |       |    25 ||    25
 Cast: Sandblast         |    38 |    49 |    29 |    27 |     5 ||   148
       Stone Arrow       |       |       |    98 |   256 |   323 ||   677
       Borgnjor's Vile C |       |       |       |       |   110 ||   110
       Orb of Destructio |       |       |       |       |     5 ||     5
Invok: Curse Item        |       |       |     3 |     5 |     3 ||    11
       Shatter the Chain |       |       |       |       |     2 ||     2
Evoke: Wand              |       |       |       |     2 |     8 ||    10
       Phial of floods   |       |       |       |       |     1 ||     1
  Use: Scroll            |       |       |     7 |       |     2 ||     9
       Potion            |       |       |       |       |     2 ||     2
 Stab: Sleeping          |       |       |       |       |     1 ||     1
Armor: Robe              |     2 |     5 |    18 |    55 |     8 ||    88
       Troll leather arm |       |       |       |       |   168 ||   168
Dodge: Dodged            |    12 |    23 |    37 |    63 |   208 ||   343
Block: Other             |       |       |     4 |       |       ||     4
       Buckler           |       |       |     3 |    48 |   180 ||   231
       Reflection        |       |       |       |     2 |    12 ||    14

Table legend: (Time is in decaauts)
 A = Elapsed time spent in this place.
 B = Non-inter-level travel time spent in this place.
 C = Inter-level travel time spent in this place.
 D = Time resting spent in this place.
 E = Time spent auto-exploring this place.
 F = Levels seen in this place.
 G = Mean time per level.
                   A        B        C        D        E       F      G
               +--------+--------+--------+--------+--------+-----+--------+
         Total |  27426 |  26416 |   1010 |   2932 |  19510 |  22 | 1246.6 |
       Dungeon |  13562 |  12964 |    598 |   1250 |  10001 |  12 | 1130.2 |
        Temple |    162 |    159 |      3 |      0 |    118 |   1 |  162.0 |
          Lair |  10113 |   9839 |    274 |    915 |   7593 |   6 | 1685.5 |
     Snake Pit |    109 |    109 |      0 |      0 |     65 |   1 |  109.0 |
  Orcish Mines |   3479 |   3344 |    135 |    767 |   1733 |   2 | 1739.5 |
               +--------+--------+--------+--------+--------+-----+--------+

Top non-repeatable levels by time:
  Lair:2: 2475 daAuts
  Lair:6: 2255 daAuts
   Orc:2: 2248 daAuts
  Lair:5: 1698 daAuts
     D:9: 1540 daAuts
     D:4: 1514 daAuts
     D:6: 1445 daAuts
     D:8: 1381 daAuts
  Lair:4: 1370 daAuts
     D:5: 1355 daAuts
     D:1: 1326 daAuts
  Lair:3: 1307 daAuts
     D:3: 1304 daAuts
   Orc:1: 1230 daAuts
     D:7: 1128 daAuts
